 Dungeon Crawl Stone Soup version bcrawl-1.20 (webtiles) character file.

Game seed: 10764037134351138698

777 MisterOstroum the Gusty (level 7, -1/78 HPs)
             Began as a Djinni Air Elementalist on Jan 20, 2020.
             Slain by an efreet
             ... wielding a +4 scimitar of flaming
              (2 damage)
             ... on level 5 of the Dungeon.
             The game lasted 00:07:12 (4870 turns).

MisterOstroum the Gusty (Djinni Air Elementalist)   Turns: 4870, Time: 00:07:13

Health: -1/78      AC: 23    Str: 16    XL:     7   Next: 54%
Magic:  0/16       EV:  2    Int: 26    God:
Gold:   56         SH:  0    Dex: 11    Spells: 8/18 levels left

rFire    . . .     SeeInvis .   d - +0 whip of the Boiling Point {drain, -Tele +Fly Str+6 Int+3}
rCold    . . .     Gourm    .   (no shield)
rNeg     + + +     Faith    .   (armour currently unavailable)
rPois    +         Spirit   .   (helmet currently unavailable)
rElec    .         Reflect  .   (cloak currently unavailable)
rCorr    .         Harm     .   (gloves currently unavailable)
MR       .....     Rnd*Rage +   (boots unavailable) Stlth +.........NoTele +
                                (no amulet)
HPRegen  0.23/turn              f - +3 ring of intelligence
MPRegen  0.15/turn              h - ring of attention (curse)

@: tree-form
A: never pass out, berserk 2, blurry vision 2, wild magic 2, MP-powered wands
a: no special abilities


You were on level 5 of the Dungeon.
You were not hungry.
You were a tree.
You visited 2 branches of the dungeon, and saw 6 of its levels.

You collected 355 gold pieces.
You spent 299 gold pieces at shops.

Inventory:

Hand Weapons
 d - the +0 whip of the Boiling Point (weapon) {drain, -Tele +Fly Str+6 Int+3}
   (You found it on level 4 of the Dungeon)

   A truly terrible weapon, it drains the life of those it strikes.
   It affects your strength (+6).
   It affects your intelligence (+3).
   It lets you fly.
   It prevents most forms of teleportation.
Missiles
 b - 860 stones (quivered)
 n - 216 sling bullets
Armour
 a - a +0 robe (melded)
 s - a +0 cloak (melded)
Jewellery
 f - a +3 ring of intelligence (left branch)
 h - a cursed ring of attention (right branch)
Scrolls
 i - 2 scrolls of remove curse
 j - 2 scrolls of identify
 l - 3 scrolls of fear {unknown}
 p - a scroll of immolation {unknown}
 q - 3 scrolls of blinking {@r4}
 u - a scroll of amnesia {unknown}
Potions
 c - a potion of flight
 g - 2 potions of mutation
 k - 2 potions of haste
 m - a potion of lignification {@q6}
 o - 5 potions of curing {@q1 !q}
 r - a potion of might {@q3 !q}
 t - a potion of agility {@q5 !q}
Comestibles
 e - 15 rations {!d}
 v - a chunk of flesh


   Skills:
 + Level 1.4 Fighting
 + Level 2.6 Dodging
 - Level 1.5 Stealth
 * Level 6.1 Spellcasting
 * Level 5.3 Conjurations
 * Level 6.9 Air Magic


You had 8 spell levels left.
You knew the following spells:

 Your Spells              Type           Power        Failure   Level  Hunger
a - Shock                 Conj/Air       #####        2%          1    None
b - Swiftness             Chrm/Air       #####...     8%          2    None
c - Static Discharge      Air            ######..     4%          3    None
d - Airstrike             Air            ######....   11%         4    ###....

Your spell library contained the following spells:

 Spells                   Type           Power        Failure   Level  Hunger
 Lightning Bolt           Conj/Air       ######....   30%         5    #####..


Dungeon Overview and Level Annotations

Branches:
Dungeon (5/12)             Temple (1/1) D:4

Altars:
Ashenzari
Elyvilon
Gozag
Hepliaklqana
Kikubaaqudgha
Lugonu
Makhleb
Okawaru
Ru
Trog
Vehumet
Wu Jian
Xom
Yredelemnul
Zin

Shops:
D:4 !


Innate Abilities, Weirdness & Mutations

You never pass out after going berserk.
You often lose your temper in combat.
((You can translocate small distances at will.))
Scrolls take you longer to read.
Your spells are harder to cast, but more powerful.
You expend magic power (3 MP) to strengthen your wands.
((Your body floats in the air.))


Message History

Press: ? - help, Shift-Dir - straight line, f/p - ogre
Aim: an ogre, wielding a +0 giant club (moderately wounded)
The zap hits the ogre.
The ogre is heavily wounded.
The zap hits the scorpion.
The scorpion is moderately wounded.
An adder comes into view.
Casting: Shock (safe; 3% risk of failure)
Confirm with . or Enter, or press ? or * to list all spells.
Aiming: Shock (safe; 3% risk of failure)
Press: ? - help, Shift-Dir - straight line, f/p - ogre
Aim: an ogre, wielding a +0 giant club (heavily wounded)
The zap hits the ogre.
The ogre is severely wounded.
The zap hits the scorpion.
The scorpion is heavily wounded.
Casting: Shock (safe; 3% risk of failure)
Confirm with . or Enter, or press ? or * to list all spells.
You can't see any susceptible monsters within range! (Use Z to cast anyway.)
Casting: Shock (safe; 3% risk of failure)
Confirm with . or Enter, or press ? or * to list all spells.
Aiming: Shock (safe; 3% risk of failure)
Press: ? - help, Shift-Dir - straight line, f/p - ogre
Aim: an ogre, wielding a +0 giant club (severely wounded)
The zap hits the ogre.
The ogre is almost dead.
The zap misses the scorpion.
The zap hits the adder.
The adder is lightly wounded.
Casting: Shock (safe; 3% risk of failure)
Confirm with . or Enter, or press ? or * to list all spells.
The ogre is struck by an arc of lightning!
You kill the ogre!
Your Spellcasting skill increases to level 6!
The lightning grounds out.
Casting: Static Discharge (safe; 4% risk of failure)
Confirm with . or Enter, or press ? or * to list all spells.
Aiming: Shock (safe; 2% risk of failure)
Press: ? - help, Shift-Dir - straight line, f - scorpion
Aim: a scorpion (heavily wounded)
The zap misses the scorpion.
The zap misses the adder.
An efreet comes into view.
It is wielding a +4 scimitar of flaming.
Casting: Shock (safe; 2% risk of failure)
Confirm with . or Enter, or press ? or * to list all spells.
Aiming: Shock (safe; 2% risk of failure)
Press: ? - help, Shift-Dir - straight line, f/p - scorpion
Aim: a scorpion (heavily wounded)
The zap misses the scorpion.
The zap misses the adder.
Casting: Shock (safe; 2% risk of failure)
Confirm with . or Enter, or press ? or * to list all spells.
Aiming: Shock (safe; 2% risk of failure)
Press: ? - help, Shift-Dir - straight line, f/p - scorpion
Aim: a scorpion (heavily wounded)
The zap hits the scorpion.
The scorpion is severely wounded.
The zap hits the efreet.
The efreet is lightly wounded.
The scorpion stings you!
Unknown command.
Unknown command.
Casting: Shock (safe; 2% risk of failure)
Confirm with . or Enter, or press ? or * to list all spells.
The scorpion is struck by an arc of lightning!
You kill the scorpion!
You are struck by an arc of lightning.
The adder is struck by an arc of lightning.
The adder is severely wounded.
You are struck by an arc of lightning.
The lightning grounds out.
The adder is struck by an arc of lightning!
You kill the adder!
You are struck by an arc of lightning.
The lightning grounds out.
The efreet gestures at you.
The fireball explodes!
The fireball engulfs you!
Things that are here:
a +0 giant club; a scorpion corpse; an ogre corpse The efreet hits you with a +4 scimitar of flaming!
* * * LOW HITPOINT WARNING * * *
The efreet burns you.
* * * LOW HITPOINT WARNING * * *
Really quaff
o - 6 potions of curing {@q1 !q}?
You feel better.
The efreet hits you with a +4 scimitar of flaming!
* * * LOW HITPOINT WARNING * * *
The efreet burns you.
* * * LOW HITPOINT WARNING * * *
Casting: Static Discharge (safe; 4% risk of failure)
Confirm with . or Enter, or press ? or * to list all spells.
Aiming: Shock (safe; 2% risk of failure)
Press: ? - help, Shift-Dir - straight line The zap hits the efreet.
The efreet is moderately wounded.
The zap hits the efreet.
The efreet is heavily wounded.
Unknown command.
Really quaff the potion of lignification?
You turn into a tree.
Your +0 cloak melds into your body.
Your +0 robe melds into your body.
Your roots penetrate the ground.
The efreet hits you with a +4 scimitar of flaming.
* * * LOW HITPOINT WARNING * * *
The efreet burns you.
You die...

........# .......#
......# ## ..##..## ..
#..##..# .#
##.###.####### #.#
#.###.......####..#
#..########.#.†..###...
##.# #....)♣R......
###.#####....#.#####....
........#.##...# .
#...#.#.........
###.#.###....#...
#.#..#...######.
#..#.#.#. #. ##...#...#
## ##..#..#


You could see an efreet.

Vanquished Creatures
  2 ice beasts (D:5)
  2 ogres
  A scorpion (D:5)
  A crimson imp (D:4)
  A bullfrog skeleton (D:5)
  A hound (D:4)
  3 worker ants
  A hound skeleton (D:4)
  3 gnolls (D:2)
  5 adders
  An ooze (D:3)
  An adder zombie (D:3)
  3 adder skeletons
  4 worms
  A dart slug (D:1)
  4 leopard geckos
  5 orcs
  2 ball pythons
  6 bats
  2 giant cockroaches
  6 goblins (D:1)
  8 hobgoblins
  10 jackals
  2 quokkas
  3 frilled lizards
  A jackal zombie (D:4)
  9 kobolds
  A leopard gecko skeleton (D:5)
  4 rats
93 creatures vanquished.

Vanquished Creatures (others)
  A jelly (D:5)
1 creature vanquished.

Grand Total: 94 creatures vanquished

Notes
Turn   | Place    | Note
-------+----------+-------------------------------------------
     0 | D:1      | MisterOstroum the Djinni Air Elementalist began the quest
                  | for the Orb.
     0 | D:1      | Reached XP level 1. HP: 14/14 MP: 4/4
   271 | D:1      | Reached XP level 2. HP: 20/20 MP: 3/6
   747 | D:1      | Reached XP level 3. HP: 26/26 MP: 6/8
   916 | D:1      | Learned a level 3 spell: Static Discharge
   919 | D:1      | Learned a level 2 spell: Swiftness
  1665 | D:2      | Gained mutation: Your spells are harder to cast, but more
                  | powerful. [Djinni growth]
  1665 | D:2      | Gained mutation: You can translocate small distances at
                  | will. [Djinni growth]
  1665 | D:2      | Reached XP level 4. HP: 19/33 MP: 0/10
  2262 | D:3      | Learned a level 4 spell: Airstrike
  2665 | D:3      | Reached skill level 5 in Air Magic
  2842 | D:3      | Reached XP level 5. HP: 32/38 MP: 2/11
  3368 | D:4      | Noticed an ogre
  3373 | D:4      | Killed an ogre
  3373 | D:4      | Reached XP level 6. HP: 45/45 MP: 2/13
  3610 | D:4      | Found a staircase to the Ecumenical Temple.
  3617 | D:4      | Got an ivory whip
  3623 | D:4      | Identified the cursed +0 whip of the Boiling Point {drain,
                  | -Tele +Fly Str+6 Int+3} (You found it on level 4 of the
                  | Dungeon)
  3648 | Temple   | Entered the Ecumenical Temple
  3739 | D:4      | Reached skill level 5 in Spellcasting
  3883 | D:4      | Found Pateh's Distillery.
  3907 | D:4      | Bought a potion of haste for 130 gold pieces
  3907 | D:4      | Bought a potion of curing for 39 gold pieces
  3907 | D:4      | Bought a potion of lignification for 39 gold pieces
  3907 | D:4      | Bought a potion of lignification for 39 gold pieces
  3907 | D:4      | Bought a potion of agility for 52 gold pieces
  4377 | D:5      | Entered Level 5 of the Dungeon
  4553 | D:5      | Noticed an ice beast
  4559 | D:5      | Killed an ice beast
  4741 | D:5      | Noticed an ice beast
  4752 | D:5      | Killed an ice beast
  4752 | D:5      | Reached skill level 1 in Fighting
  4752 | D:5      | Reached skill level 5 in Conjurations
  4752 | D:5      | Reached XP level 7. HP: 52/52 MP: 9/15
  4862 | D:5      | Noticed an efreet
  4870 | D:5      | HP: 1/78 [efreet/+4 scimitar of flaming (4)]
  4870 | D:5      | Slain by an efreet

Skill      XL: |  1  2  3  4  5  6  7 |
---------------+----------------------+-----
Air Magic      | 4 5 6 |  6.9
Conjurations   | 2 3 4 5 |  5.3
Spellcasting   | 4 5 6 |  6.1
Fighting       | 1 |  1.4
Dodging        | |  2.6
Stealth        | |  1.5

Action                   |  1- 3 |  4- 6 |  7- 9 || total
-------------------------+-------+-------+-------++-------
Melee: Whip              |       |    35 |       ||    35
Throw: Stone             |       |     2 |       ||     2
 Cast: Shock             |    84 |   104 |    17 ||   205
       Static Discharge  |       |     8 |     2 ||    10
       Airstrike         |       |     3 |       ||     3
  Use: Scroll            |       |     8 |       ||     8
       Potion            |       |       |     2 ||     2
  Eat: Chunk             |     2 |    10 |     1 ||    13
Armor: Robe              |       |     7 |       ||     7
Dodge: Dodged            |     7 |    18 |     1 ||    26
